 Dungeon Crawl Stone Soup version 0.29.1-2-gbd0b4ee654 (webtiles) character file.

Game seed: 5976974519724110319

67 warriortoast the Conjurer (level 3, 0/19 HPs)
             Began as a Deep Elf Conjurer on Oct 25, 2022.
             Slain by Robin
             ... wielding a +0 mace
              (4 damage)
             ... on level 2 of the Dungeon.
             The game lasted 00:02:14 (1178 turns).

warriortoast the Conjurer (Deep Elf Conjurer)       Turns: 1178, Time: 00:02:14

Health: 0/19       AC:  2    Str:  4    XL:     3   Next: 98%
Magic:  0/10       EV: 12    Int: 24    God:
Gold:   127        SH:  0    Dex: 13    Spells: 6/10 levels left

rFire   + . .      SeeInvis .   (no weapon)
rCold   . . .      Faith    .   (no shield)
rNeg    . . .      Spirit   .   a - +0 robe
rPois   .          Reflect  .   (no helmet)
rElec   .          Harm     .   (no cloak)
rCorr   .          Rampage  .   (no gloves)
Will    .....                   (no boots)
Stlth   ++........              (no amulet)
HPRegen 0.06/turn               c - ring of protection from fire
MPRegen 0.12/turn               (no ring)

@: no status effects
A: no striking features
a: no special abilities


You were on level 2 of the Dungeon.
You visited 1 branch of the dungeon, and saw 2 of its levels.

You collected 127 gold pieces.

Inventory:

Armour
 a - a +0 robe (worn)
Jewellery
 c - a ring of protection from fire (left hand)
Wands
 g - a wand of paralysis (6)
Scrolls
 d - a scroll of teleportation {unknown}
 f - a scroll of fog {unknown}
Potions
 b - a potion of magic
 e - a potion of cancellation {unknown}
 h - 2 potions of resistance {unknown}


   Skills:
 - Level 2.4 Dodging
 - Level 2.4 Stealth
 + Level 4.4 Spellcasting
 + Level 5.2 Conjurations
 + Level 1.4 Hexes


You had 6 spell levels left.
You knew the following spells:

 Your Spells              Type           Power      Damage    Failure   Level
a - Magic Dart            Conj           100%       1d8       1%          1
b - Dazzling Flash        Conj/Hex       42%        N/A       7%          3

Your spell library contained the following spells:

 Spells                   Type           Power      Damage    Failure   Level
 Searing Ray              Conj           60%        2d6       1%          2
 Fulminant Prism          Conj/Hex       10%        3d9       24%         4
 Iskenderun's Mystic Bla  Conj/Tloc      17%        2d5       32%         4


Dungeon Overview and Level Annotations

Branches:
Dungeon (2/15)

Altars:

Annotations:
D:2 Robin


Message History

Robin shouts!
Robin roars a battlecry!
The magic dart hits Robin but does no damage.
Robin is moderately wounded.
The magic dart hits the goblin.
The goblin is heavily wounded.
The goblin shouts!
The magic dart hits the goblin.
You kill the goblin!
An endoplasm comes into view.
The magic dart hits the endoplasm.
The endoplasm is severely wounded.
A quokka comes into view.
The magic dart hits the endoplasm.
You kill the endoplasm!
The magic dart hits Robin but does no damage.
Robin is lightly wounded.
The quokka bites you.
The magic dart hits Robin.
Robin is heavily wounded.
Robin barely misses you. The quokka bites you.
The magic dart hits Robin.
Robin is heavily wounded.
The goblin shouts!
Robin hits you with a +0 mace. The quokka misses you.
The magic dart hits Robin.
Robin is severely wounded.
Robin misses you. The quokka barely misses you.
The magic dart hits Robin.
Robin is almost dead.
The quokka bites you. Robin hits you with a +0 mace.
* * * LOW HITPOINT WARNING * * *
You are too injured to fight recklessly!
You are too injured to fight recklessly!
You are too injured to fight recklessly!
The quokka bites you.
* * * LOW HITPOINT WARNING * * *
The quokka misses you. Robin attacks as you move away!
Robin hits you with a +0 mace.
You die... .............######).# .......####### ... .......# .......# ######## ...<...# .......g. .......# ##.#######.# .......# .g..# #g# .......# #########.....# gg#

.......####.....@g......#
..)g
.........#.######r......#
..... #####.....##
)##.....# #g...# #....###
.# .....# #.... #...##.#
.. ....# .. #...)..# ..
.#### ##.######.#. #
#.)......## ##....####


You could see Robin, a quokka and a goblin (strong).

Vanquished Creatures
  Jessica (D:2)
  An adder (D:2)
  7 endoplasms
  A giant cockroach (D:1)
  5 goblins
  4 hobgoblins
  2 kobolds (D:2)
  2 ball pythons (D:2)
  2 bats
  3 frilled lizards
  A rat (D:2)
29 creatures vanquished.

Notes
Turn   | Place    | Note
-------+----------+-------------------------------------------
     0 | D:1      | warriortoast the Deep Elf Conjurer began the quest for the
                  | Orb.
     0 | D:1      | Reached XP level 1. HP: 10/10 MP: 6/6
   471 | D:1      | Reached XP level 2. HP: 15/15 MP: 5/8
   843 | D:2      | Noticed Robin
   960 | D:2      | Reached skill level 5 in Conjurations
   960 | D:2      | Reached XP level 3. HP: 19/19 MP: 6/10
   965 | D:2      | Learned a level 3 spell: Dazzling Flash
  1126 | D:2      | Noticed Jessica
  1129 | D:2      | Killed Jessica
  1130 | D:2      | Reached skill level 1 in Hexes
  1178 | D:2      | Slain by Robin

Illustrated notes

Levels and vault maps discovered:
D:1:      tarquinn_simple_flora_water_e, layout_loops_corners,
          serial_bayou_pond_d, minmay_door_square
D:2:      layout_basic, basic_altar, minmay_cut_off, uniq_jessica, uniq_robin

Skill      XL: |  1  2  3 |
---------------+----------+-----
Spellcasting   | 4 |  4.4
Conjurations   | 5 |  5.2
Hexes          | 1 |  1.4
Dodging        | |  2.4
Stealth        | |  2.4

Action                   || total
-------------------------++-------
Melee: Unarmed           ||     7
 Cast: Magic Dart        ||    50
Armor: Robe              ||     1
Dodge: Dodged            ||    17
